 Dungeon Crawl Stone Soup version 0.28.0-49-g6dfe1f597d (webtiles) character file.

Game seed: 9464058432964058854

141 pkoi the Chiller (level 4, -1/35 HPs)
             Began as a Demigod Ice Elementalist on May 13, 2022.
             Slain by an orc
             ... wielding a +0 mace
              (3 damage)
             ... on level 2 of the Dungeon.
             The game lasted 00:04:21 (2372 turns).

pkoi the Chiller (Demigod Ice Elementalist)         Turns: 2372, Time: 00:04:22

Health: -1/35      AC:  4    Str:  8 (9)  XL:     4   Next: 73%
Magic:  9/10       EV: 12    Int: 19 (21) God:
Gold:   84         SH:  0    Dex: 11 (14) Spells: 1/8 levels left

rFire   . . .      SeeInvis .   b - +1 short sword (drain)
rCold   . . .      Faith    .   (no shield)
rNeg    . . .      Spirit   .   a - +0 robe
rPois   .          Reflect  .   (no helmet)
rElec   .          Harm     .   (no cloak)
rCorr   .          Rampage  .   f - +1 pair of gloves
Will    .....                   (no boots)
Stlth   ++........              k - amulet of magic regeneration
HPRegen 0.11/turn               (no ring)
MPRegen 0.52/turn               (no ring)

@: lethally poisoned (-1 -> -3)
A: high MP 1, forlorn, divine attributes
a: no special abilities


You were on level 2 of the Dungeon.
You visited 1 branch of the dungeon, and saw 3 of its levels.

You collected 84 gold pieces.

Inventory:

Hand Weapons
 b - a +1 short sword of draining (weapon)
 c - a +0 dagger of flaming
 d - a +0 whip of draining
 i - a +0 long sword of freezing
Armour
 a - a +0 robe (worn)
 f - a +1 pair of gloves (worn)
Jewellery
 k - an amulet of magic regeneration (around neck)
Scrolls
 e - 2 scrolls of enchant armour
 g - a scroll of identify
 j - 3 scrolls of noise {unknown}
Potions
 h - a potion of curing


   Skills:
 + Level 1.6 Fighting
 - Level 1.7 Dodging
 + Level 2.7 Stealth
 + Level 2.5 Spellcasting
 * Level 4.6 Ice Magic


You had one spell level left.
You knew the following spells:

 Your Spells              Type           Power      Damage    Failure   Level
a - Freeze                Ice            76%        1d9       2%          1
b - Frozen Ramparts       Ice            38%        1d5       8%          3
c - Ozocubu's Armour      Ice            19%        N/A       8%          3

Your spell library contained the following spells:

 Spells                   Type           Power      Damage    Failure   Level
 Hailstorm                Conj/Ice       11%        3d5       52%         4


Dungeon Overview and Level Annotations

Branches:
Dungeon (3/15)


Innate Abilities, Weirdness & Mutations

You have an increased reservoir of magic. (+10% MP)
You shall have no god before yourself.
Your divine heritage dramatically boosts your attributes as you level up.


Message History

You feel sick.
The kobold throws a poisoned dart.
The poisoned dart hits you!
You are more poisoned.
You feel very sick.
You feel very sick.
You feel sick.
You feel sick.
You see here a +0 battleaxe.
You feel sick.
You feel sick.
You feel sick.
You feel sick.
You feel sick.
You feel sick.
You are no longer poisoned.
You hit the endoplasm.
The endoplasm is lightly wounded.
The endoplasm hits you but does no damage.
You hit the endoplasm. You drain the endoplasm.
You kill the endoplasm!
An orc opens the door.
The kobold throws a poisoned dart.
The poisoned dart hits you!
You are poisoned.
There is a stone staircase leading up here.
You feel sick. The orc hits you but does no damage.
You climb upwards.
You feel very sick.
There is a stone staircase leading down here.
You barely miss the orc.
You feel sick. The orc hits you with a +0 mace.
* * * LOW HITPOINT WARNING * * *
You closely miss the orc.
* * * LOW HITPOINT WARNING * * *
You feel sick. The orc barely misses you.
Aiming: Freeze (safe; 2% risk of failure)
Press: ? - help, Q - select action, (/) - cycle Shift-Dir - straight line, f - orc
Aim: an orc, wielding a +0 mace You freeze the orc.
The orc is heavily wounded.
* * * LOW HITPOINT WARNING * * *
You feel sick. The orc hits you with a +0 mace.
You die...

#.##.##.##.# #......##.##.#
#.##....##.# #......##.##.#
#.##.##.##.########.......#
#.##...........# ####†####
#....†.........#######.#
#.###..........#.......#
#.# #.#........#.####..##
#.###.#........#.####...#
#.....#.....o@.#.#....#.#
##.#.##........#.#.##...#
#......###.#.##.#.##.###
###.#### #..#.#......##
#....# #.[........[.#######
#....# ##...####...........
########...#
##.#####.)...#####.
#......##.## #.#
#.........# #.
#.####.##.######.#
#.........# #.


You could see an orc.

Vanquished Creatures
  Natasha (thrice) (D:2)
  A gnoll (D:2)
  2 adders (D:2)
  2 worms (D:2)
  2 endoplasms
  A giant cockroach (D:2)
  2 goblins (D:1)
  4 hobgoblins
  5 jackals (D:1)
  2 quokkas (D:1)
  3 ball pythons
  A bat (D:1)
  4 kobolds
  A quokka skeleton (D:2)
  3 rats
36 creatures vanquished.

Notes
Turn   | Place    | Note
-------+----------+-------------------------------------------
     0 | D:1      | pkoi the Demigod Ice Elementalist began the quest for the
                  | Orb.
     0 | D:1      | Reached XP level 1. HP: 14/14 MP: 5/5
   787 | D:1      | Reached XP level 2. HP: 22/22 MP: 5/7
  1417 | D:2      | Noticed Natasha
  1423 | D:2      | Killed Natasha
  1424 | D:2      | Reached skill level 1 in Fighting
  1424 | D:2      | Reached skill level 4 in Ice Magic
  1424 | D:2      | Reached XP level 3. HP: 25/28 MP: 5/8
  1428 | D:2      | Learned a level 3 spell: Frozen Ramparts
  1537 | D:2      | Noticed Natasha
  1541 | D:2      | Killed Natasha
  1542 | D:2      | Reached XP level 4. HP: 35/35 MP: 4/10
  1791 | D:2      | Noticed Natasha
  1862 | D:2      | Killed Natasha
  2301 | D:3      | Learned a level 3 spell: Ozocubu's Armour
  2372 | D:2      | Slain by an orc

Illustrated notes

Levels and vault maps discovered:
D:1:      dpeg_arrival_rooms_a, layout_basic
D:2:      layout_loops_cross, basic_altar, minmay_heptomino_l4, uniq_natasha
D:3:      layout_basic, shapermc_ecumenical_altar_ellora, grunt_ministairs_2

Skill      XL: |  1  2 |
---------------+-------+-----
Stealth        | 2 |  2.7
Spellcasting   | 2 |  2.5
Fighting       | 1 |  1.6
Ice Magic      | 4 |  4.6
Dodging        | |  1.7

Action                   |  1- 3 |  4- 6 || total
-------------------------+-------+-------++-------
Melee: Unarmed           |     3 |       ||     3
       Short sword       |     7 |    18 ||    25
 Cast: Freeze            |    35 |    14 ||    49
       Frozen Ramparts   |       |     2 ||     2
  Use: Scroll            |     1 |     2 ||     3
       Potion            |     1 |     2 ||     3
 Stab: Sleeping          |     1 |     3 ||     4
Armor: Robe              |     3 |     5 ||     8
Dodge: Dodged            |    19 |    11 ||    30
